TOP OF THE 1ST |
---|
San Jose Missions batting - Pitching for Mexico City Cerveceros : RHP Luis Chávez | Pitching: RHP Luis Chávez | | Batting: LHB Mel Jones | 0-0: Ball 1-0: Called Strike 1-1: DOUBLE (Line Drive, 9LM) | Batting: RHB Jaime Spiridon | 0-0: Ball 1-0: Called Strike 1-1: Ball 2-1: Ball 3-1: Foul Ball, location: 2F 3-2: Base on Balls | Batting: RHB Dale Taylor | 0-0: SINGLE (Flyball, 9LM) Mel Jones to third Jaime Spiridon to second | Batting: LHB Alberto Gómez | 0-0: Ball 1-0: Ball 2-0: Ball 3-0: Base on Balls Mel Jones scores Jaime Spiridon to third Dale Taylor to second | Batting: RHB Jorge Díaz | 0-0: Called Strike 0-1: Ball 1-1: Ball 2-1: Called Strike 2-2: Ball 3-2: Fielders Choice at 3rd, U5 (Groundball, 5L) Jaime Spiridon scores Alberto Gómez to second | Batting: RHB Ed Starr | 0-0: Called Strike 0-1: Foul Ball, location: 2F 0-2: Strikes out swinging | Batting: RHB Irwin Duncan | 0-0: Called Strike 0-1: Ball 1-1: Called Strike 1-2: Foul Ball, location: 2F 1-2: Ball 2-2: Foul Ball, location: 2F 2-2: Fly out, F4 (Popup, 4) | Top of the 1st over - 2 runs, 2 hits, 0 errors, 2 left on base; San Jose 2 - Mexico City 0 | BOTTOM OF THE 1ST |
---|
Mexico City Cerveceros batting - Pitching for San Jose Missions : RHP Tommy Waters | Pitching: RHP Tommy Waters | | Batting: RHB Robinson Pacheco | 0-0: Ball 1-0: Ball 2-0: Fly out, F7 (Flyball, 7LS) | Batting: RHB Juan Brieno | 0-0: Ball 1-0: Ball 2-0: Ground out 4-3 (Groundball, 4S) | Batting: LHB John Bond | 0-0: Called Strike 0-1: Ball 1-1: Foul Ball, location: 2F 1-2: Ball 2-2: Strikes out looking | Bottom of the 1st over - 0 runs, 0 hits, 0 errors, 0 left on base; San Jose 2 - Mexico City 0 | TOP OF THE 2ND |
---|
San Jose Missions batting - Pitching for Mexico City Cerveceros : RHP Luis Chávez | Batting: RHB Peyton Pennington | 0-0: Ball 1-0: Foul Ball, location: 2F 1-1: Swinging Strike 1-2: SINGLE (Line Drive, 7LS) | Batting: RHB José Ramos | 0-0: Called Strike 0-1: Ball 1-1: Called Strike 1-2: Ball 2-2: Foul Ball, location: 2F 2-2: Foul Ball, location: 2F 2-2: Grounds into double play, 4-6-3 (Groundball, 4) | Batting: LHB Mel Jones | 0-0: Ball 1-0: Ball 2-0: Ball 3-0: Called Strike 3-1: Swinging Strike 3-2: Foul Ball, location: 2F 3-2: Strikes out swinging | Top of the 2nd over - 0 runs, 1 hit, 0 errors, 0 left on base; San Jose 2 - Mexico City 0 | BOTTOM OF THE 2ND |
---|
Mexico City Cerveceros batting - Pitching for San Jose Missions : RHP Tommy Waters | Batting: LHB John Nicholson | 0-0: Ball 1-0: Called Strike 1-1: Foul Ball, location: 2F 1-2: Strikes out looking | Batting: LHB Juan García | 0-0: Ball 1-0: Ball 2-0: Foul Ball, location: 2F 2-1: Foul Ball, location: 2F 2-2: Strikes out swinging | Batting: SHB Tex White | 0-0: Ground out 1-3 (Groundball, 15) | Bottom of the 2nd over - 0 runs, 0 hits, 0 errors, 0 left on base; San Jose 2 - Mexico City 0 | TOP OF THE 3RD |
---|
San Jose Missions batting - Pitching for Mexico City Cerveceros : RHP Luis Chávez | Batting: RHB Jaime Spiridon | 0-0: Fly out, F4 (Popup, 4S) | Batting: RHB Dale Taylor | 0-0: Ball 1-0: Fly out, F8 (Flyball, 8RXD) | Batting: LHB Alberto Gómez | 0-0: Ball 1-0: Foul Ball, location: 2F 1-1: Foul Ball, location: 2F 1-2: DOUBLE (Flyball, 89XD) | Batting: RHB Jorge Díaz | 0-0: Foul Ball, location: 2F 0-1: Foul Ball, location: 2F 0-2: Ball 1-2: Foul Ball, location: 2F 1-2: Ground out 1-3 (Groundball, 15S) | Top of the 3rd over - 0 runs, 1 hit, 0 errors, 1 left on base; San Jose 2 - Mexico City 0 | BOTTOM OF THE 3RD |
---|
Mexico City Cerveceros batting - Pitching for San Jose Missions : RHP Tommy Waters | Batting: LHB Gary Kern | 0-0: Ball 1-0: Fly out, F5 (Popup, 6S) | Batting: LHB Javier Martínez | 0-0: Swinging Strike 0-1: Foul Ball, location: 2F 0-2: Ball 1-2: Foul Ball, location: 2F 1-2: Foul Ball, location: 2F 1-2: Ball 2-2: Ground out 4-3 (Groundball, 4MD) | Batting: RHB Collin Smith | 0-0: Called Strike 0-1: Called Strike 0-2: Foul Ball, location: 2F 0-2: Strikes out swinging | Bottom of the 3rd over - 0 runs, 0 hits, 0 errors, 0 left on base; San Jose 2 - Mexico City 0 | TOP OF THE 4TH |
---|
San Jose Missions batting - Pitching for Mexico City Cerveceros : RHP Luis Chávez | Batting: RHB Ed Starr | 0-0: Called Strike 0-1: Swinging Strike 0-2: Ball 1-2: Ball 2-2: Ball 3-2: Base on Balls | Batting: RHB Irwin Duncan | 0-0: Called Strike 0-1: Ball 1-1: Ball 2-1: Ball 3-1: Called Strike 3-2: Ground out 4-3 (Groundball, 4S) Ed Starr to second | Batting: RHB Peyton Pennington | 0-0: Fly out, F3 (Line Drive, 3) | Batting: RHB José Ramos | 0-0: Ball 1-0: Called Strike 1-1: Foul Ball, location: 2F 1-2: Ball 2-2: Ball 3-2: Fly out, F8 (Flyball, 8RS) | Top of the 4th over - 0 runs, 0 hits, 0 errors, 1 left on base; San Jose 2 - Mexico City 0 | BOTTOM OF THE 4TH |
---|
Mexico City Cerveceros batting - Pitching for San Jose Missions : RHP Tommy Waters | Batting: RHB Robinson Pacheco | 0-0: Ball 1-0: Called Strike 1-1: Called Strike 1-2: Ground out 6-3 (Groundball, 6) | Batting: RHB Juan Brieno | 0-0: Ball 1-0: Called Strike 1-1: Swinging Strike 1-2: Strikes out swinging | Batting: LHB John Bond | 0-0: Ball 1-0: Foul Ball, location: 2F 1-1: Ball 2-1: Foul Ball, location: 2F 2-2: Foul Ball, location: 2F 2-2: SINGLE (Flyball, 78S) | Batting: LHB John Nicholson | 0-0: Foul Ball, location: 2F 0-1: SINGLE (Flyball, 9S) John Bond to second Runner from 2nd tries for 3rd, SAFE, no throw | Batting: LHB Juan García | 0-0: Called Strike 0-1: Ball 1-1: Ball 2-1: Ball 3-1: Ground out 4-3 (Groundball, 34D) | Bottom of the 4th over - 0 runs, 2 hits, 0 errors, 2 left on base; San Jose 2 - Mexico City 0 | TOP OF THE 5TH |
---|
San Jose Missions batting - Pitching for Mexico City Cerveceros : RHP Luis Chávez | Batting: LHB Mel Jones | 0-0: Ball 1-0: Ball 2-0: Called Strike 2-1: Ground out 6-3 (Groundball, 6M) | Batting: RHB Jaime Spiridon | 0-0: Called Strike 0-1: Ball 1-1: Ball 2-1: Called Strike 2-2: Foul Ball, location: 2F 2-2: Ground out 6-3 (Groundball, 6) | Batting: RHB Dale Taylor | 0-0: Ball 1-0: Ball 2-0: Ball 3-0: Base on Balls | Pitching: RHP David Sheppard | | Batting: LHB Alberto Gómez | 0-0: Ball 1-0: 2-RUN HOME RUN (Flyball, 7D), Distance : 355 ft | Batting: RHB Jorge Díaz | 0-0: Called Strike 0-1: Called Strike 0-2: Ball 1-2: Ball 2-2: SINGLE (Line Drive, 78S) | Batting: RHB Ed Starr | 0-0: Ball 1-0: Called Strike 1-1: Ball Passed Ball! Jorge Díaz to second 2-1: Foul Ball, location: 2F 2-2: Ball Balk! Jorge Díaz to third 3-2: SINGLE (Flyball, 78M) Jorge Díaz scores | Batting: RHB Irwin Duncan | 0-0: Ball 1-0: Fly out, F8 (Flyball, 8RS) | Top of the 5th over - 3 runs, 3 hits, 0 errors, 1 left on base; San Jose 5 - Mexico City 0 | BOTTOM OF THE 5TH |
---|
Mexico City Cerveceros batting - Pitching for San Jose Missions : RHP Tommy Waters | Batting: SHB Tex White | 0-0: Ground out 1-3 (Groundball, 13S) | Batting: LHB Gary Kern | 0-0: Ball 1-0: Called Strike 1-1: SINGLE (Flyball, 8RS) - OUT at second base trying to stretch hit. | Batting: LHB Javier Martínez | 0-0: Ball 1-0: Called Strike 1-1: Swinging Strike 1-2: Strikes out swinging | Bottom of the 5th over - 0 runs, 1 hit, 0 errors, 0 left on base; San Jose 5 - Mexico City 0 | TOP OF THE 6TH |
---|
San Jose Missions batting - Pitching for Mexico City Cerveceros : RHP David Sheppard | Batting: RHB Peyton Pennington | 0-0: Ball 1-0: Ball 2-0: Called Strike 2-1: Swinging Strike 2-2: Foul Ball, location: 2F 2-2: Ball 3-2: Fly out, F4 (Popup, 23) | Batting: RHB José Ramos | 0-0: Fly out, F9 (Flyball, 9S) | Batting: LHB Mel Jones | 0-0: Foul Ball, location: 2F 0-1: Ball 1-1: Swinging Strike 1-2: Ball 2-2: Strikes out swinging | Top of the 6th over - 0 runs, 0 hits, 0 errors, 0 left on base; San Jose 5 - Mexico City 0 | BOTTOM OF THE 6TH |
---|
Mexico City Cerveceros batting - Pitching for San Jose Missions : RHP Tommy Waters | Batting: RHB Collin Smith | 0-0: Ball 1-0: Swinging Strike 1-1: Foul Ball, location: 2F 1-2: Strikes out swinging | Batting: RHB Robinson Pacheco | 0-0: Ball 1-0: Called Strike 1-1: Reached on error, E5 (Groundball, 56S) | Batting: RHB Juan Brieno | 0-0: Called Strike 0-1: Foul Ball, location: 2F 0-2: Fly out, F4 (Popup, 3D) | Batting: LHB John Bond | 0-0: Ball 1-0: Foul Ball, location: 2F 1-1: Ball 2-1: Ball 3-1: Base on Balls Robinson Pacheco to second | Batting: LHB John Nicholson | 0-0: Foul Ball, location: 2F 0-1: Ground out 4-3 (Groundball, 4) | Bottom of the 6th over - 0 runs, 0 hits, 1 error, 2 left on base; San Jose 5 - Mexico City 0 | TOP OF THE 7TH |
---|
San Jose Missions batting - Pitching for Mexico City Cerveceros : RHP David Sheppard | Batting: RHB Jaime Spiridon | 0-0: Called Strike 0-1: Ball 1-1: Ball 2-1: Foul Ball, location: 2F 2-2: Foul Ball, location: 2F 2-2: SINGLE (Groundball, 5D) | Batting: RHB Dale Taylor | 0-0: Called Strike 0-1: Ball 1-1: Ball 2-1: Foul Ball, location: 2F 2-2: Fly out, F9 (Flyball, 9LSF) | Batting: LHB Alberto Gómez | 0-0: Ball 1-0: SINGLE (Line Drive, 78S) Jaime Spiridon to second | Batting: RHB Jorge Díaz | 0-0: SINGLE (Flyball, 8LS) Jaime Spiridon to third Alberto Gómez to second Throwing error, E8 Jaime Spiridon scores Alberto Gómez to third Jorge Díaz to second | Batting: RHB Ed Starr | 0-0: SINGLE (Groundball, 6M) (infield hit) Alberto Gómez scores Jorge Díaz to third | Batting: RHB Irwin Duncan | 0-0: Ball 1-0: Foul Ball, location: 2F 1-1: Ball 2-1: Foul Ball, location: 2F 2-2: Grounds into double play, 5-4-3 (Groundball, 5) | Top of the 7th over - 2 runs, 4 hits, 1 error, 1 left on base; San Jose 7 - Mexico City 0 | BOTTOM OF THE 7TH |
---|
Mexico City Cerveceros batting - Pitching for San Jose Missions : RHP Tommy Waters | Batting: LHB Juan García | 0-0: Ball 1-0: DOUBLE (Flyball, 8LXD) | Batting: SHB Tex White | 0-0: Ball 1-0: Foul Ball, location: 2F 1-1: SINGLE (Groundball, 4D) Juan García to third | Batting: LHB Gary Kern | 0-0: Fly out, F3 (Line Drive, 3) | Batting: LHB Javier Martínez | 0-0: Called Strike 0-1: Ball 1-1: Ball 2-1: Ball 3-1: SINGLE (Groundball, 34D) Juan García scores Tex White to second Runner from 2nd tries for 3rd, SAFE, throw made to third | Pitching: RHP David Bates | | Batting: RHB Collin Smith | 0-0: Ball 1-0: Called Strike 1-1: DOUBLE (Flyball, 8RD) Tex White scores Javier Martínez to third | Batting: RHB Robinson Pacheco | 0-0: Ball 1-0: Called Strike 1-1: Swinging Strike 1-2: Ball 2-2: Foul Ball, location: 2F 2-2: Foul Ball, location: 2F 2-2: Foul Ball, location: 2F 2-2: Fly out, F7 (Line Drive, 7) Runner from 3rd tags up, SCORES, throw made Collin Smith to third | Batting: RHB Juan Brieno | 0-0: Called Strike 0-1: Called Strike 0-2: Fly out, F4 (Popup, 4) | Bottom of the 7th over - 3 runs, 4 hits, 0 errors, 1 left on base; San Jose 7 - Mexico City 3 | TOP OF THE 8TH |
---|
San Jose Missions batting - Pitching for Mexico City Cerveceros : RHP David Sheppard | Pitching: RHP Jonathan Long | | Batting: RHB Peyton Pennington | 0-0: Ball 1-0: Called Strike 1-1: Ball 2-1: Ball 3-1: Base on Balls | Batting: RHB José Ramos | 0-0: Called Strike 0-1: Foul Ball, location: 2F 0-2: Strikes out swinging | Batting: LHB Mel Jones | 0-0: Ball 1-0: Ball 2-0: Fly out, F8 (Flyball, 8LS) | Batting: RHB Jaime Spiridon | 0-0: Called Strike 0-1: Ball 1-1: Foul Ball, location: 2F 1-2: Foul Ball, location: 2F 1-2: Foul Ball, location: 2F 1-2: Strikes out swinging | Top of the 8th over - 0 runs, 0 hits, 0 errors, 1 left on base; San Jose 7 - Mexico City 3 | BOTTOM OF THE 8TH |
---|
Mexico City Cerveceros batting - Pitching for San Jose Missions : RHP David Bates | Batting: LHB John Bond | 0-0: Ball 1-0: Ball 2-0: Foul Ball, location: 2F Error on foul ball, E5 2-2: Ball 3-2: Foul Ball, location: 2F 3-2: Foul Ball, location: 2F 3-2: Foul Ball, location: 2F 3-2: Base on Balls | Batting: LHB John Nicholson | 0-0: Ball 1-0: Fly out, F9 (Flyball, 89D) | Batting: LHB Juan García | 0-0: Ball 1-0: Ball 2-0: Called Strike 2-1: Ball 3-1: Called Strike 3-2: Fielders Choice at 2nd, 6-4 (Groundball, 6M) | Batting: SHB Tex White | 0-0: Ball 1-0: Called Strike 1-1: Fly out, F7 (Line Drive, 7LM) | Bottom of the 8th over - 0 runs, 0 hits, 1 error, 1 left on base; San Jose 7 - Mexico City 3 | TOP OF THE 9TH |
---|
San Jose Missions batting - Pitching for Mexico City Cerveceros : RHP Jonathan Long | Pitching: RHP Manuel Zarate | | Batting: RHB Dale Taylor | 0-0: Foul Ball, location: 2F 0-1: Called Strike 0-2: Ball 1-2: Strikes out swinging | Batting: LHB Alberto Gómez | 0-0: Ball 1-0: Called Strike 1-1: Ball 2-1: Foul Ball, location: 2F 2-2: Foul Ball, location: 2F 2-2: Ball 3-2: SOLO HOME RUN (Flyball, 9LD), Distance : 316 ft | Batting: RHB Jorge Díaz | 0-0: Ground out 4-3 (Groundball, 4) | Batting: RHB Ed Starr | 0-0: Foul Ball, location: 2F 0-1: Called Strike 0-2: Hit by Pitch | Batting: RHB Irwin Duncan | 0-0: Called Strike Ed Starr is caught stealing 2nd base | Top of the 9th over - 1 run, 1 hit, 0 errors, 0 left on base; San Jose 8 - Mexico City 3 | BOTTOM OF THE 9TH |
---|
Mexico City Cerveceros batting - Pitching for San Jose Missions : RHP David Bates | Batting: LHB Gary Kern | 0-0: SINGLE (Line Drive, 9LS) | Batting: LHB Javier Martínez | 0-0: Foul Ball, location: 2F 0-1: Ball 1-1: Grounds into double play, 4-6-3 (Groundball, 4) | Batting: RHB Collin Smith | 0-0: Ball 1-0: Ground out 2-3 (Groundball, 15S) | Bottom of the 9th over - 0 runs, 1 hit, 0 errors, 0 left on base; San Jose 8 - Mexico City 3 | |